 Dungeon Crawl Stone Soup version 0.26-a0-690-gcb57259078 (webtiles) character file.

Game seed: 14843061699997120237

428 Grim the Gusty (level 6, -14/32 HPs)
             Began as a Deep Elf Air Elementalist on Oct 24, 2020.
             Demolished by an ogre
             ... wielding a +0 giant club
              (31 damage)
             ... on level 4 of the Dungeon.
             The game lasted 00:12:04 (4561 turns).

Grim the Gusty (Deep Elf Air Elementalist)          Turns: 4561, Time: 00:12:04

Health: -14/32     AC:  5    Str:  5    XL:     6   Next: 65%
Magic:  9/12       EV: 13    Int: 22    God:
Gold:   176        SH:  0    Dex: 15    Spells: 1/11 levels left

rFire    . . .     SeeInvis .   (no weapon)
rCold    . . .     Faith    +   (no shield)
rNeg     . . .     Spirit   .   k - +0 robe (curse)
rPois    .         Reflect  .   o - +0 helmet
rElec    .         Harm     .   g - +1 cloak
rCorr    .         Rampage  .   (no gloves)
MR       .....                  (no boots)
Stlth    ++........             e - amulet of faith
HPRegen  0.10/turn              (no ring)
MPRegen  0.13/turn              (no ring)

@: no status effects
A: no striking features
a: no special abilities


You were on level 4 of the Dungeon.
You visited 1 branch of the dungeon, and saw 4 of its levels.

You collected 176 gold pieces.

Inventory:

Missiles
 c - 16 poisoned darts (quivered)
Armour
 a - a +0 robe
 g - a +1 cloak (worn)
 k - a cursed +0 robe (worn)
 o - a +0 helmet (worn)
Jewellery
 e - an amulet of faith (around neck)
 l - a +4 ring of evasion {unknown}
 t - an uncursed ring of protection from fire {unknown}
Wands
 q - a wand of random effects (11)
Scrolls
 d - a scroll of enchant weapon {unknown}
 h - 3 scrolls of remove curse {unknown}
 j - a scroll of teleportation {unknown}
 n - a scroll of fear {unknown}
 p - 3 scrolls of identify {unknown}
Potions
 b - a potion of brilliance {unknown}
 f - a potion of berserk rage {unknown}
 i - a potion of ambrosia {unknown}
 m - 2 potions of haste {unknown}
 r - a potion of lignification {unknown}
 s - a potion of invisibility {unknown}


   Skills:
 - Level 2.4 Dodging
 - Level 2.4 Stealth
 - Level 3.0 Spellcasting
 + Level 5.1 Conjurations
 * Level 5.9 Air Magic


You had one spell level left.
You knew the following spells:

 Your Spells              Type           Power        Failure   Level
a - Shock                 Conj/Air       ####         1%          1
b - Swiftness             Air            ####....     1%          2
c - Static Discharge      Conj/Air       ####....     3%          3
d - Airstrike             Air            ####......   11%         4

Your spell library contained the following spells:

 Spells                   Type           Power        Failure   Level
 Lightning Bolt           Conj/Air       ####......   34%         5


Dungeon Overview and Level Annotations

Branches:
Dungeon (4/15)
 Temple: D:4-7

Altars:


Message History

Casting: Shock (safe; 1% risk of failure)
Confirm with . or Enter, or press ? or * to list all spells.
Aiming: Shock (safe; 1% risk of failure)
Press: ? - help, Shift-Dir - straight line The zap misses the ogre.
The zap hits the ogre.
The ogre is severely wounded.
Casting: Shock (safe; 1% risk of failure)
Confirm with . or Enter, or press ? or * to list all spells.
You don't know that spell.
Casting: Shock (safe; 1% risk of failure)
Confirm with . or Enter, or press ? or * to list all spells.
Aiming: Shock (safe; 1% risk of failure)
Press: ? - help, Shift-Dir - straight line The zap hits the ogre.
The ogre is severely wounded.
The zap hits the ogre.
The ogre is almost dead.
The ogre hits you with a +0 giant club!!
Ouch! That really hurt!
You die...

#.<.### .# ##..#
. ....# . .....#
.# #.....# #.#
#.....# #S#
#.....# ##O# ##
####### #@## #.#
##.###.# #######
##.#.## #......
##...## #.[....
#.....# ##......
#.....###.......
#...............
##...#####......
##### #......


You could see an ogre and an adder.

Vanquished Creatures
  An ogre (D:3)
  An orc priest (D:3)
  A hound (D:4)
  Jessica (D:3)
  3 orc wizards (D:3)
  Terence (D:3)
  Robin (D:3)
  3 gnolls (D:3)
  An adder (D:4)
  2 worms
  A dart slug (D:1)
  2 leopard geckos
  10 orcs (D:3)
  3 giant cockroaches
  12 goblins
  10 hobgoblins
  10 jackals (D:1)
  10 kobolds
  A quokka (D:2)
  2 ball pythons
  5 bats
  5 frilled lizards
  8 rats
94 creatures vanquished.

Notes
Turn   | Place    | Note
-------+----------+-------------------------------------------
     0 | D:1      | Grim the Deep Elf Air Elementalist began the quest for the
                  | Orb.
     0 | D:1      | Reached XP level 1. HP: 10/10 MP: 6/6
   150 | D:1      | Reached XP level 2. HP: 15/15 MP: 2/8
   546 | D:1      | Reached XP level 3. HP: 19/19 MP: 7/9
  1296 | D:2      | Learned a level 2 spell: Swiftness
  1300 | D:2      | Learned a level 3 spell: Static Discharge
  2096 | D:3      | Reached XP level 4. HP: 24/24 MP: 5/10
  2301 | D:3      | Noticed Robin
  2510 | D:3      | Killed Robin
  2871 | D:3      | Noticed an ogre
  3116 | D:3      | Noticed Jessica
  3135 | D:3      | Noticed Terence
  3144 | D:3      | Killed Terence
  3144 | D:3      | Reached XP level 5. HP: 28/28 MP: 0/11
  3238 | D:2      | Learned a level 4 spell: Airstrike
  3782 | D:3      | Killed Jessica
  3782 | D:3      | Reached skill level 5 in Air Magic
  3989 | D:3      | Reached XP level 6. HP: 32/32 MP: 5/12
  4145 | D:3      | Reached skill level 5 in Conjurations
  4561 | D:4      | Demolished by an ogre

Illustrated notes

Levels and vault maps discovered:
D:1:      ncdulo_halloftheorcs, layout_loops_ring
D:2:      layout_basic, st_stairs_12
D:3:      layout_basic, uniq_terence, uniq_robin, uniq_jessica
D:4:      layout_loops_cross, gammafunk_ghost_abyssal_escape,
          lemuel_altar_in_water

Skill      XL: |  1  2  3  4  5  6 |
---------------+-------------------+-----
Conjurations   | 2 3 4 5 |  5.1
Air Magic      | 4 5 |  5.9
Dodging        | |  2.4
Stealth        | |  2.4
Spellcasting   | |  3.0

Action                   |  1- 3 |  4- 6 || total
-------------------------+-------+-------++-------
 Cast: Shock             |    98 |   137 ||   235
       Static Discharge  |       |     2 ||     2
       Airstrike         |       |     1 ||     1
  Use: Potion            |       |     2 ||     2
Armor: Robe              |       |     8 ||     8
Dodge: Dodged            |    16 |    30 ||    46

Table legend: (Time is in decaauts)
 A = Elapsed time spent in this place.
 B = Non-inter-level travel time spent in this place.
 C = Inter-level travel time spent in this place.
 D = Time resting spent in this place.
 E = Time spent auto-exploring this place.
 F = Levels seen in this place.
 G = Mean time per level.
                   A        B        C        D        E       F      G
               +--------+--------+--------+--------+--------+-----+--------+
         Total |   4574 |   4445 |    129 |   2055 |   1724 |   4 | 1143.5 |
       Dungeon |   4574 |   4445 |    129 |   2055 |   1724 |   4 | 1143.5 |
               +--------+--------+--------+--------+--------+-----+--------+

Top non-repeatable levels by time:
     D:3: 1633 daAuts
     D:2: 1622 daAuts
     D:1: 1215 daAuts
     D:4: 103 daAuts
